 Dungeon Crawl Stone Soup version 0.24-a0-434-gd57e52fea8 (webtiles) character file.

Game seed: 6726927945200675459

28 Amnesiac the Poker (level 3, 0/27 HPs)
             Began as a Merfolk Skald on June 17, 2019.
             Succumbed to kobold's curare-tipped dart
             ... on level 3 of the Dungeon.
             The game lasted 00:02:04 (685 turns).

Amnesiac the Poker (Merfolk Skald)                   Turns: 685, Time: 00:02:04

Health: 0/27       AC:  4    Str: 12    XL:     3   Next: 12%
Magic:  5/6        EV: 12    Int: 12    God:
Gold:   60         SH:  0    Dex: 13    Spells: 2/6 levels left

rFire    . . .     SeeInvis .   a - +0 spear
rCold    . . .     Gourm    .   (no shield)
rNeg     . . .     Faith    .   b - +0 leather armour
rPois    .         Spirit   .   (no helmet)
rElec    .         Reflect  .   (no cloak)
rCorr    .         Harm     .   e - +0 pair of gloves
MR       .....                  (no boots)
Stlth    +.........             (no amulet)
HPRegen  0.09/turn              (no ring)
MPRegen  0.10/turn              (no ring)

@: lethally poisoned (0 -> -10), slowed, very slow
A: change form in water, swift swim, stealthy swim
a: no special abilities


You were on level 3 of the Dungeon.
You were not hungry.

You visited 1 branch of the dungeon, and saw 3 of its levels.

You collected 60 gold pieces.

Inventory:

Hand Weapons
 a - a +0 spear (weapon)
Armour
 b - a +0 leather armour (worn)
 e - a +0 pair of gloves (worn)
Scrolls
 f - 3 scrolls of identify {!r, unknown}
Comestibles
 d - a ration


   Skills:
 - Level 2.1 Fighting
 * Level 4.2 Polearms
 - Level 0.6 Armour
 - Level 2.6 Dodging
 + Level 2.3 Spellcasting
 + Level 3.6 Charms


You had 2 spell levels left.
You knew the following spells:

 Your Spells              Type           Power        Failure   Level  Hunger
a - Infusion              Chrm           ##..         8%          1    ##.....
e - Spectral Weapon       Hex/Chrm       #.......     43%         3    ####...

Your spell library contained the following spells:

 Spells                   Type           Power        Failure   Level  Hunger
 Song of Slaying          Chrm           ##......     12%         2    ###....
 Shroud of Golubria       Chrm/Tloc      #.....       24%         2    ###....
 Regeneration             Chrm/Necr      #.........   43%         3    ####...


Dungeon Overview and Level Annotations

Branches:
Dungeon (3/15)

Altars:


Message History

You start resting.
Magic restored.
You start resting.
HP restored.
You start resting.
HP restored.
Casting: Infusion (safe; 8% risk of failure)
Confirm with . or Enter, or press ? or * to list all spells.
You don't know that spell.
Okay, then.
This spell is slightly dangerous to cast.
Memorise Spectral Weapon, consuming 3 spell levels and leaving 2?
You start memorising the spell.
You continue memorising. x3
You finish memorising.
Spell assigned to 'b'.
Adjust (i)tems, (s)pells, or (a)bilities?
Adjust which spell? b - Spectral Weapon Adjust to which letter? e - Spectral Weapon You climb downwards.
The worm bites you.
There is a stone staircase leading up here.
Casting: Infusion (safe; 8% risk of failure)
Confirm with . or Enter, or press ? or * to list all spells.
You draw out your weapon's spirit!
You hit the worm.
The worm is moderately wounded.
The worm closely misses you.
All of the chunks of flesh in your inventory have rotted away.
You hit the worm.
The worm is severely wounded.
You kill the worm!
You swap places.
A kobold comes into view. It is wielding a +0 club.
The kobold shouts!
The kobold throws a curare-tipped dart.
The curare-tipped dart closely misses you.
The kobold throws a curare-tipped dart.
The curare-tipped dart hits you.
You are poisoned.
You have difficulty breathing.
You feel yourself slow down.
You see here a curare-tipped dart.
You feel sick.
The kobold throws a curare-tipped dart.
The curare-tipped dart closely misses you.
The kobold throws a curare-tipped dart.
The curare-tipped dart hits you.
You are lethally poisoned!
You have difficulty breathing.
* * * LOW HITPOINT WARNING * * *
You feel as though you will be slow longer.
You see here 2 curare-tipped darts.
You are too injured to fight recklessly!
You are too injured to fight recklessly!
You are too injured to fight recklessly!
You are too injured to fight recklessly!
* * * LOW HITPOINT WARNING * * *
You feel sick. The kobold completely misses you.
Things that are here:
a +0 dagger; a kobold skeleton You closely miss the kobold.
* * * LOW HITPOINT WARNING * * *
You feel sick.
You kill the kobold!
You aren't carrying any potions.
You aren't carrying any potions.
Okay, then.
You die...

.# #.. .#. # ... ..
. #######.#####(#.#
...............#.#
..................
...............#
............@.#
.........(()#.#
##.....#..#.#
########.(รท..#..#.#
.............##.#.#
......#......##(#.#
.....#......##...#
....#...........#
#.#.#......###..#


You could see a friendly spectral +0 spear.

Vanquished Creatures
  An adder (D:2)
  A worm (D:3)
  A dart slug (D:1)
  A leopard gecko (D:2)
  An orc (D:2)
  2 goblins (D:2)
  A hobgoblin (D:3)
  2 kobolds (D:3)
  A quokka (D:3)
  A bat (D:1)
12 creatures vanquished.

Notes
Turn   | Place    | Note
-------+----------+-------------------------------------------
     0 | D:1      | Amnesiac the Merfolk Skald began the quest for the Orb.
     0 | D:1      | Reached XP level 1. HP: 16/16 MP: 3/3
   121 | D:2      | Reached XP level 2. HP: 17/22 MP: 0/5
   404 | D:3      | Reached skill level 4 in Polearms
   445 | D:2      | Reached XP level 3. HP: 7/27 MP: 2/6
   663 | D:2      | Learned a level 3 spell: Spectral Weapon
   685 | D:3      | Succumbed to kobold's curare-tipped dart

Levels and vault maps discovered:
D:1:      sevenhm_arrival_forest_fort_small_4, layout_basic
D:2:      layout_basic, marbit_many_paths
D:3:      layout_basic, uniq_natasha

Skill      XL: |  1  2 |
---------------+-------+-----
Polearms       | 4 |  4.2
Fighting       | |  2.1
Armour         | |  0.6
Dodging        | |  2.6
Spellcasting   | |  2.3
Charms         | |  3.6

Action                   || total
-------------------------++-------
Melee: Spear             ||    52
 Cast: Infusion          ||     6
       Spectral Weapon   ||     1
Armor: Leather armour    ||     4
Dodge: Dodged            ||    30

Table legend:
 A = Non-vault XP
 B = Vault XP
 C = Vault XP percentage of total XP
 D = Non-vault monster count
 E = Vault monster count
 F = Vault count percentage of total count
                 A         B        C        D         E       F
            +---------+---------+-------+---------+---------+-------
      Total |      40 |       0 |   0.0 |      12 |       0 |   0.0
            +---------+---------+-------+---------+---------+-------
        D:1 |       5 |       0 |   0.0 |       2 |       0 |   0.0
        D:2 |      23 |       0 |   0.0 |       5 |       0 |   0.0
        D:3 |      12 |       0 |   0.0 |       5 |       0 |   0.0
            +---------+---------+-------+---------+---------+-------
